 Dungeon Crawl Stone Soup version 0.19.1-1-g22dce08 (webtiles) character file.

1491 Mitungard the Slasher (level 8, -3/62 HPs)
             Began as a Demonspawn Chaos Knight on Jan 17, 2017.
             Slain by ImaNewbie's ghost (10 damage)
             ... on level 6 of the Dungeon on Jan 18, 2017.
             The game lasted 01:21:34 (6355 turns).

Mitungard the Slasher (Demonspawn Chaos Knight)     Turns: 6355, Time: 01:21:36

Health: -3/62      AC: 15    Str: 13    XL:     8   Next: 51%
Magic:  8/8        EV:  7    Int: 15    God:    Xom [...*..]
Gold:   119        SH:  0    Dex: 13    Spells: 0 memorised, 7 levels left

rFire  . . .     SeeInvis +     T - +2 quarterstaff (chaos)
rCold  . . .     Gourm    .     t - +0 chain mail
rNeg   . . .     Faith    .     (shield currently unavailable)
rPois  .         Spirit   .     o - +1 helmet
rElec  .         Reflect  .     (no cloak)
rCorr  .         Harm     .     (no gloves)
MR     .....     Rnd*Tele +     A - +0 pair of boots
Stlth  ..........               u - amulet of regeneration (curse)
                                (no ring)
                                N - ring of teleportation (curse)

@: no status effects
A: iridescent scales 1, see invisible
a: Renounce Religion


You were on level 6 of the Dungeon.
You worshipped Xom.
You were a favourite toy of Xom.
You were very hungry.

You visited 2 branches of the dungeon, and saw 7 of its levels.

You collected 240 gold pieces.
You spent 121 gold pieces at shops.

Inventory:

Hand Weapons
 a - a +0 falchion of chaos
 h - a +0 short sword
 k - a +0 mace
 p - a +0 giant spiked club
 s - a +0 war axe
 y - a +0 morningstar
 D - a +0 dagger
 F - a +0 hand crossbow
 H - a +0 rapier
 K - a +0 blowgun
 S - a +0 mace
 T - a +2 quarterstaff of chaos (weapon)
Missiles
 e - 42 sling bullets
 n - 145 stones (quivered)
 v - 61 arrows
Armour
 b - a +2 leather armour
 g - a +0 scale mail
 o - a +1 helmet (worn)
 t - a +0 chain mail (worn)
 x - a +2 robe of cold resistance
 z - a +0 ring mail
 A - a +0 pair of boots (worn)
 E - a +0 robe
 I - a cursed +0 leather armour
 J - a +0 pair of gloves
 O - a +0 pair of gloves
 U - a +0 cloak
Jewellery
 r - an uncursed amulet of the gourmand
 u - a cursed amulet of regeneration (around neck)
 N - a cursed ring of teleportation (left hand)
Wands
 G - a wand of digging (15/24)
Scrolls
 d - 8 scrolls of identify {unknown}
 f - 2 scrolls of fear {unknown}
 i - 2 scrolls of noise {unknown}
 m - 3 scrolls of enchant armour {unknown}
 w - 3 scrolls of remove curse {unknown}
 C - a scroll of fog {unknown}
 M - a scroll of recharging {unknown}
Potions
 l - a potion of brilliance {unknown}
 q - 2 potions of flight {unknown}
 L - a potion of heal wounds {unknown}
 P - a potion of haste
 Q - a potion of lignification {unknown}
Comestibles
 c - 4 bread rations
 j - a beef jerky


   Skills:
 + Level 5.0 Fighting
 + Level 6.3 Long Blades
 + Level 0.1 Staves
 + Level 2.1 Throwing
 + Level 5.0 Armour
 + Level 2.4 Dodging
 + Level 3.7 Stealth


You had 7 spell levels left.
You didn't know any spells.

Dungeon Overview and Level Annotations

Branches:
Dungeon (6/15)             Temple (1/1) D:5

Altars:
Ashenzari
Cheibriados
Dithmenos
Elyvilon
Fedhas
Gozag
Hepliaklqana
Kikubaaqudgha
Makhleb
Nemelex Xobeh
Okawaru
Qazlal
Ru
Sif Muna
Trog
Uskayaw
Vehumet
Xom
Yredelemnul
Zin
The Shining One

Shops:
D:4 *

Annotations:
D:6 ImaNewbie's ghost, novice HOFi


Innate Abilities, Weirdness & Mutations

You are partially covered in iridescent scales. (AC +2)
You have supernaturally acute eyesight. (SInv)


Message History

ImaNewbie's ghost is severely damaged.
ImaNewbie's ghost hits you but does no damage.
You hit ImaNewbie's ghost but do no damage.
ImaNewbie's ghost is severely damaged.
ImaNewbie's ghost hits you! x2
* * * LOW HITPOINT WARNING * * *
You hit ImaNewbie's ghost.
ImaNewbie's ghost shivers with cold.
ImaNewbie's ghost is severely damaged.
ImaNewbie's ghost barely misses you.
You hit ImaNewbie's ghost but do no damage.
ImaNewbie's ghost is severely damaged.
ImaNewbie's ghost hits you.
* * * LOW HITPOINT WARNING * * *
You hit ImaNewbie's ghost but do no damage.
ImaNewbie's ghost is severely damaged.
ImaNewbie's ghost hits you.
* * * LOW HITPOINT WARNING * * *
ImaNewbie's ghost hits you!
You die...
Xom giggles madly!

#########
#>.....(#
#.#####.#
###.###.#####.#
...........##.#
#######W##.##.#
#@##.##.#
#.......#
##.#.#### ...#
#.### #.# .# .#
### .. ..#


You could see ImaNewbie's ghost.

Vanquished Creatures
  Grinder (D:5)
  2 ogres
  A scorpion (D:3)
  2 crimson imps (D:5)
  2 hounds (D:5)
  3 orc priests
  Crazy Yiuf (D:5)
  Jessica (D:3)
  7 worker ants
  Robin (D:4)
  6 adders
  2 adder skeletons
  3 worms
  A dart slug (D:3)
  6 leopard geckos
  12 orcs
  3 bats (D:1)
  A giant cockroach (D:5)
  9 goblins
  5 hobgoblins
  10 jackals
  6 kobolds
  A quokka (D:4)
  A ball python (D:1)
  2 frilled lizards
  A leopard gecko skeleton (D:4)
  A quokka zombie (D:5)
  11 rats
102 creatures vanquished.

Vanquished Creatures (collateral kills)
  The ghost of Kiturien the Sneak, a novice OpFi (D:5)
  The ghost of Noxmare the Shield-Bearer, an amateur DsFi (D:3)
  A scorpion (D:5)
  A worker ant (D:5)
  A killer bee zombie (D:5)
  An ooze (shapeshifter) (D:5)
  2 orcs (D:5)
8 creatures vanquished.

Grand Total: 110 creatures vanquished

Notes
Turn   | Place    | Note
-------+----------+-------------------------------------------
     0 | D:1      | Mitungard the Demonspawn Chaos Knight began the quest for the Orb.
     0 | D:1      | Reached XP level 1. HP: 18/18 MP: 1/1
   189 | D:1      | XOM: harmless Air miscast
   273 | D:1      | Reached skill level 1 in Dodging
   281 | D:1      | Gained mutation: You are partially covered in iridescent scales. (AC +2) [demonic ancestry]
   281 | D:1      | Reached XP level 2. HP: 22/24 MP: 2/2
   493 | D:1      | XOM: harmless Tmut miscast
   565 | D:1      | Reached skill level 3 in Long Blades
  1156 | D:1      | XOM: harmless Erth miscast
  1363 | D:1      | XOM: harmless Conj miscast
  1498 | D:1      | XOM: noise
  1698 | D:2      | XOM: divination: magic mapping
  1763 | D:2      | XOM: enchant monster (bad)
  1811 | D:2      | You fall through a shaft!
  1832 | D:3      | Reached XP level 3. HP: 29/29 MP: 3/3
  1957 | D:3      | Noticed Noxmare's ghost (amateur DsFi)
  1981 | D:3      | XOM: harmless Conj miscast
  1992 | D:3      | XOM: 1-stop teleportation journey
  2010 | D:3      | XOM: 3-stop teleportation journey
  2061 | D:3      | XOM: harmless Pois miscast
  2103 | D:3      | Reached XP level 4. HP: 33/35 MP: 4/4
  2123 | D:3      | Noticed Jessica
  2135 | D:3      | Killed Jessica
  2435 | D:3      | Found a faded altar of an unknown god.
  2451 | D:3      | XOM: noise
  2893 | D:3      | XOM: swap monsters
  2905 | D:3      | XOM: enchant monster (bad)
  2941 | D:3      | Reached skill level 4 in Long Blades
  2941 | D:3      | Reached XP level 5. HP: 11/42 MP: 5/5
  3139 | D:3      | XOM: noise
  3162 | D:3      | XOM: cast spell 'Monstrous Menagerie'
  3164 | D:3      | Killed Noxmare's ghost
  3164 | D:3      | Reached XP level 6. HP: 29/48 MP: 6/6
  3348 | D:4      | XOM: potion effect (invisibility)
  3512 | D:4      | XOM: polymorph howler monkey -> worm
  3629 | D:4      | Noticed Robin
  3647 | D:4      | Killed Robin
  3652 | D:4      | XOM: polymorph goblin -> jackal
  3806 | D:4      | XOM: scenery: create altars
  3811 | D:4      | XOM: enchant monster (good)
  3818 | D:4      | XOM: 1-stop teleportation journey
  3830 | D:4      | Reached skill level 5 in Long Blades
  3830 | D:4      | Reached skill level 1 in Throwing
  3830 | D:4      | Reached skill level 1 in Stealth
  3830 | D:4      | Reached XP level 7. HP: 20/55 MP: 7/7
  3957 | D:4      | XOM: enchant monster (good)
  4142 | D:4      | XOM: scenery: create altars
  4304 | D:4      | XOM: give mutation
  4304 | D:4      | Gained mutation: You have supernaturally acute eyesight. (SInv) [Xom's grace]
  4549 | D:4      | Found Hier's Assorted Antiques.
  4558 | D:4      | Bought a pair of boots for 121 gold pieces
  4679 | D:5      | Entered Level 5 of the Dungeon
  4842 | D:5      | XOM: summons friendly white imp
  4870 | D:5      | XOM: confuse monster(s)
  4978 | D:5      | Found a runed door.
  4978 | D:5      | XOM: 3-stop teleportation journey
  4986 | D:5      | XOM: summons 2 friendly demons
  5099 | D:5      | XOM: cleaving
  5202 | D:5      | Found a staircase to the Ecumenical Temple.
  5216 | D:5      | XOM: cast spell 'Call Canine Familiar'
  5225 | D:5      | Noticed Kiturien's ghost (novice OpFi)
  5232 | D:5      | XOM: scenery: create altars
  5238 | D:5      | Killed Kiturien's ghost
  5238 | D:5      | Reached XP level 8. HP: 57/61 MP: 8/8
  5281 | Temple   | Entered the Ecumenical Temple
  5408 | Temple   | XOM: 6-stop teleportation journey
  5469 | D:5      | Noticed Grinder
  5479 | D:5      | Paralysed by Grinder for 2 turns
  5499 | D:5      | XOM: fog
  5504 | D:5      | Killed Grinder
  5504 | D:5      | Reached skill level 6 in Long Blades
  5504 | D:5      | Reached skill level 5 in Armour
  5620 | D:5      | XOM: harmless Air miscast
  5999 | D:5      | Noticed Crazy Yiuf
  6012 | D:5      | Killed Crazy Yiuf
  6192 | D:6      | Reached skill level 5 in Fighting
  6287 | D:6      | Noticed ImaNewbie's ghost (novice HOFi)
  6315 | D:6      | XOM: summons friendly quasit
  6327 | D:6      | XOM: summons 8 friendly demons
  6355 | D:6      | Slain by ImaNewbie's ghost

Skill      XL: |  1  2  3  4  5  6  7  8 |
---------------+-------------------------+-----
Dodging        | 1 2 |  2.4
Armour         | 2 3 4 5 |  5.0
Long Blades    | 3 4 5 6 |  6.3
Fighting       | 4 5 |  5.0
Throwing       | 1 2 |  2.1
Stealth        | 1 3 |  3.7
Staves         | |  0.1

Action                   |  1- 3 |  4- 6 |  7- 9 || total
-------------------------+-------+-------+-------++-------
Melee: Falchion          |   128 |   166 |   196 ||   490
       Quarterstaff      |       |       |    45 ||    45
Throw: Stone             |    13 |    16 |    21 ||    50
  Use: Potion            |     2 |     1 |     1 ||     4
 Stab: Petrified         |       |     3 |    12 ||    15
       Invisible         |       |     3 |       ||     3
       Confused          |       |       |     2 ||     2
       Paralysed         |       |       |     4 ||     4
  Eat: Chunk             |     1 |     1 |     6 ||     8
       Bread ration      |     1 |     1 |       ||     2
Armor: Leather armour    |     9 |       |       ||     9
       Scale mail        |    60 |    33 |       ||    93
       Chain mail        |       |    52 |   140 ||   192
Dodge: Dodged            |    75 |    66 |    77 ||   218
       Rpst.: Falchion   |    23 |    28 |    16 ||    67
